 Dungeon Crawl Stone Soup version 0.21.0-24-g2553a3340b (webtiles) character file.

98 Krosko the Skirmisher (level 4, 0/30 HPs)
             Began as a Gargoyle Fighter on Jan 21, 2018.
             Slain by an adder (1 damage)
             ... on level 2 of the Dungeon.
             The game lasted 00:04:19 (1307 turns).

Krosko the Skirmisher (Gargoyle Fighter)            Turns: 1307, Time: 00:04:19

Health: 0/30       AC: 10    Str: 20    XL:     4   Next: 71%
Magic:  4/4        EV:  7    Int:  9    God:
Gold:   94         SH:  9    Dex:  9    Spells: 3/3 levels left

rFire    . . .     SeeInvis .   a - +0 flail
rCold    . . .     Gourm    .   c - +0 shield
rNeg     + . .     Faith    .   b - +0 scale mail
rPois    ∞         Spirit   .   (no helmet)
rElec    +         Reflect  .   (no cloak)
rCorr    .         Harm     .   (no gloves)
MR       +....                  (no boots)
Stlth    ..........             i - amulet of inaccuracy (curse)
HPRegen  0.10/turn              o - ring of protection from magic
MPRegen  0.09/turn              (no ring)

@: no status effects
A: negative energy resistance 1, electricity resistance, unbreathing,
petrification resistance, rot immunity, AC +3
a: no special abilities


You were on level 2 of the Dungeon.
You were not hungry.

You visited 1 branch of the dungeon, and saw 2 of its levels.

You collected 94 gold pieces.

Inventory:

Hand Weapons
 a - a +0 flail (weapon)
Armour
 b - a +0 scale mail (worn)
 c - a +0 shield (worn)
Jewellery
 i - a cursed amulet of inaccuracy (around neck)
 o - a ring of protection from magic (left hand)
Scrolls
 e - a scroll of identify
 j - a scroll of random uselessness {unknown}
 p - 3 scrolls of remove curse {unknown}
Potions
 d - 2 potions of might
 g - 2 potions of invisibility {unknown}
 k - 2 potions of curing {unknown}
 l - 2 potions of flight {unknown}
 m - a potion of heal wounds {unknown}
 n - a potion of brilliance {unknown}
Comestibles
 f - 3 rations


   Skills:
 + Level 4.8 Fighting
 - Level 2.3 Maces & Flails
 - Level 3.5 Armour
 - Level 0.3 Dodging
 - Level 4.0 Shields


You had 3 spell levels left.
You didn't know any spells.

Dungeon Overview and Level Annotations

Branches:
Dungeon (2/15)

Altars:


Innate Abilities, Weirdness & Mutations

You are resistant to torment.
Your stone body is resilient. (AC +3)
You are immune to poison.
You resist negative energy. (rN+)
You are resistant to electric shocks. (rElec)
You can survive without breathing.
You are immune to petrification.
You are immune to rotting.


Message History

The adder is severely wounded.
The adder bites you.
* * * LOW HITPOINT WARNING * * *
You block the adder's attack.
You miss the adder.
The adder is severely wounded.
The adder bites you but does no damage. You block the adder's attack.
You closely miss the adder.
The adder is severely wounded.
The adder bites you but does no damage. You block the adder's attack.
You barely miss the adder.
The adder is severely wounded.
The adder bites you but does no damage.
You closely miss the adder.
The adder is severely wounded.
You block the adder's attack. The adder bites you but does no damage.
You barely miss the adder.
The adder is severely wounded.
The adder bites you but does no damage. The adder bites you.
You die...

...### #.# # #..#..
#..### #..#.# # #.....
#..#.#.# # #..###
#..#.#.#.##.##.....
#....
#....S....S........
#....
#.##†#......##...##
#...# #.##.# #.###
#.#.## #...# #.@S.# #
# #..# #.... ######
#... #...#######
############..
#.........#
#.............
#....####.#
#.###########.
####÷##.#.# #.# #.
###.g..#.# #.# #.
#........###.#########
#.
#.......)))....#.....#
##


You could see an adder.

Vanquished Creatures
  A howler monkey (D:2)
  Robin (D:2)
  A worm (D:2)
  2 dart slugs (D:2)
  A leopard gecko (D:2)
  7 bats
  3 giant cockroaches
  11 goblins
  5 hobgoblins
  2 frilled lizards (D:2)
  5 kobolds
  3 rats (D:2)
42 creatures vanquished.

Notes
Turn   | Place    | Note
-------+----------+-------------------------------------------
     0 | D:1      | Krosko the Gargoyle Fighter began the quest for the Orb.
     0 | D:1      | Reached XP level 1. HP: 14/14 MP: 1/1
   118 | D:1      | Reached XP level 2. HP: 19/19 MP: 2/2
   648 | D:2      | Reached XP level 3. HP: 17/23 MP: 3/3
   915 | D:2      | Reached XP level 4. HP: 10/30 MP: 4/4
  1009 | D:2      | Noticed Robin
  1203 | D:2      | Killed Robin
  1206 | D:2      | HP: 1/30 [goblin[Robin] (3)]
  1302 | D:2      | HP: 1/30 [adder (2)]
  1307 | D:2      | Slain by an adder

Skill      XL: |  1  2  3 |
---------------+----------+-----
Shields        | 4 |  4.0
Fighting       | 4 |  4.8
Maces & Flails | |  2.3
Armour         | |  3.5
Dodging        | |  0.3

Action                   |  1- 3 |  4- 6 || total
-------------------------+-------+-------++-------
Melee: Flail             |   176 |   122 ||   298
  Use: Scroll            |     1 |     1 ||     2
  Eat: Ration            |       |     1 ||     1
Armor: Scale mail        |   131 |   118 ||   249
Dodge: Dodged            |    64 |    51 ||   115
Block: Shield            |   129 |   116 ||   245
